 Dungeon Crawl Stone Soup version 0.28-a0-821-g923ab73998 (webtiles) character file.

Game seed: 11367744093220253269

92 Ijustatesigmund the Covered (level 4, 0/29 HPs)
             Began as a Gargoyle Fighter on Nov 9, 2021.
             Slain by Duvessa (8 damage)
             ... on level 4 of the Dungeon.
             The game lasted 00:02:54 (2857 turns).

Ijustatesigmund the Covered (Gargoyle Fighter)      Turns: 2857, Time: 00:02:55

Health: 0/29       AC: 10    Str: 19    XL:     4   Next: 60%
Magic:  4/4        EV:  9    Int: 10    God:
Gold:   118        SH:  4    Dex:  9    Spells: 3/3 levels left

rFire   . . .      SeeInvis .   a - +0 flail
rCold   . . .      Faith    .   c - +0 buckler
rNeg    + . .      Spirit   .   b - +0 scale mail
rPois   ∞          Reflect  .   (no helmet)
rElec   +          Harm     .   (no cloak)
rCorr   .          Rampage  .   (no gloves)
Will    .....                   (no boots)
Stlth   ..........              (no amulet)
HPRegen 0.09/turn               (no ring)
MPRegen 0.09/turn               (no ring)

@: mighty, lit by a corona, glowing
A: sickness immunity, AC +3, negative energy resistance 1, electricity
resistance, torment resistance 1, petrification resistance
a: no special abilities


You were on level 4 of the Dungeon.
You visited 1 branch of the dungeon, and saw 4 of its levels.

You collected 118 gold pieces.

Inventory:

Hand Weapons
 a - a +0 flail (weapon)
Armour
 b - a +0 scale mail (worn)
 c - a +0 buckler (worn)
Potions
 e - a potion of heal wounds
 f - 2 potions of curing {unknown}
 g - a potion of resistance {unknown}
 h - a potion of berserk rage {unknown}
 i - a potion of degeneration {unknown}
 j - a potion of attraction {unknown}
 l - a potion of cancellation {unknown}


   Skills:
 + Level 3.8 Fighting
 * Level 3.3 Maces & Flails
 * Level 4.4 Armour
 - Level 3.2 Shields


You had 3 spell levels left.
You didn't know any spells.
Your spell library contained the following spells:

 Spells                   Type           Power      Damage    Failure   Level
 Beastly Appendage        Tmut           0%         N/A       77%         1
 Wereblood                Tmut           0%         N/A       88%         2
 Frozen Ramparts          Ice            0%         1d2       98%         3
 Spider Form              Tmut/Pois      0%         N/A       98%         3
 Ice Form                 Ice/Tmut       0%         N/A       100%        4
 Summon Ice Beast         Ice/Summ       0%         N/A       100%        4


Dungeon Overview and Level Annotations

Branches:
Dungeon (4/15)
 Temple: D:4-7

Altars:
Yredelemnul

Annotations:
D:4 Dowan, Duvessa


Innate Abilities, Weirdness & Mutations

You are immune to sickness and miasma.
Your stone body is resilient. (AC +3)
You are immune to poison.
You resist negative energy. (rN+)
You are resistant to electric shocks. (rElec)
You are resistant to unholy torment.
You are immune to petrification.


Message History

Duvessa is heavily wounded.
The adder bites you but does no damage. Duvessa hits you with a +0 short sword.
Dowan hits you with a +0 dagger. The adder barely misses you.
You hit Duvessa but do no damage.
Duvessa is heavily wounded.
Duvessa hits you but does no damage. The adder bites you but does no damage.
Dowan laughs at you. "Don't get delusional, you can't win!"
Dowan hits you with a +0 dagger.
Unknown command.
You feel very mighty all of a sudden. The adder bites you but does no damage.
Duvessa hits you but does no damage.
Dowan smirks and points a slender finger.
Dowan hits you but does no damage. The adder bites you but does no damage.
You hit the adder.
The adder is moderately wounded.
Duvessa hits you with a +0 short sword. Dowan closely misses you.
You block the adder's attack. Duvessa barely misses you.
You barely miss the adder.
The adder is moderately wounded.
You block the adder's attack. Dowan hits you but does no damage.
Duvessa hits you with a +0 short sword! The adder bites you but does no damage.
Dowan hits you but does no damage.
You feel much better. The adder barely misses you.
Duvessa hits you with a +0 short sword! Dowan gestures at you while chanting.
The puff of frost hits you!
You miss the adder.
The adder is moderately wounded.
The adder bites you but does no damage. Duvessa hits you but does no damage.
Dowan hits you with a +0 dagger. The adder bites you but does no damage.
You hit the adder.
The adder is severely wounded.
The adder bites you but does no damage. Duvessa closely misses you.
Dowan barely misses you. The adder barely misses you.
You sock the adder!
You kill the adder!
Duvessa barely misses you. Dowan hits you with a +0 dagger.
* * * LOW HITPOINT WARNING * * *
Duvessa hits you with a +0 short sword!
You die...

....
####+#...
#.......
#.<....
#.....#
+.....#
#.e.e.#
#.!@..#
#######


You could see Duvessa and Dowan.

Vanquished Creatures
  3 adders
  A worm (D:3)
  3 dart slugs
  An orc (D:3)
  4 endoplasms
  3 giant cockroaches
  4 goblins
  4 hobgoblins
  9 jackals
  8 kobolds
  A quokka (D:1)
  6 ball pythons
  4 bats
  4 frilled lizards
  6 rats
61 creatures vanquished.

Notes
Turn   | Place    | Note
-------+----------+-------------------------------------------
     0 | D:1      | Ijustatesigmund the Gargoyle Fighter began the quest for
                  | the Orb.
     0 | D:1      | Reached XP level 1. HP: 14/14 MP: 1/1
   241 | D:1      | Reached XP level 2. HP: 17/19 MP: 2/2
   612 | D:1      | Reached XP level 3. HP: 10/23 MP: 3/3
  1578 | D:2      | Reached skill level 4 in Armour
  1933 | D:2      | Reached XP level 4. HP: 25/29 MP: 4/4
  2359 | D:3      | Found a faded altar of an unknown god.
  2566 | D:3      | Found a basalt altar of Yredelemnul.
  2842 | D:4      | Noticed Duvessa
  2842 | D:4      | Noticed Dowan
  2857 | D:4      | Slain by Duvessa

Illustrated notes

Levels and vault maps discovered:
D:1:      ncdulo_watergridlock, layout_loops_corners,
          chequers_serial_rivers_large_a, minmay_split_cup_large
D:2:      layout_basic
D:3:      layout_rooms, yredelemnul_altar_generic,
          ebering_ecumenical_altar_webs, serial_glass, glass_columns_b,
          glass_columns_a, due_unseen_surprise, feat_on_display,
          item_on_display_a
D:4:      layout_gridville, gammafunk_temple_overflow_statue,
          minmay_temple_entry_glassed_door, uniq_duvessa, uniq_grinder

Skill      XL: |  1  2  3 |
---------------+----------+-----
Armour         | 4 |  4.4
Maces & Flails | 3 |  3.3
Fighting       | |  3.8
Shields        | |  3.2

Action                   |  1- 3 |  4- 6 || total
-------------------------+-------+-------++-------
Melee: Flail             |   150 |    69 ||   219
  Use: Scroll            |     1 |     1 ||     2
       Potion            |       |     2 ||     2
Armor: Scale mail        |    84 |    51 ||   135
Dodge: Dodged            |    96 |    26 ||   122
Block: Buckler           |    28 |    13 ||    41

Table legend: (Time is in decaauts)
 A = Elapsed time spent in this place.
 B = Non-inter-level travel time spent in this place.
 C = Inter-level travel time spent in this place.
 D = Time resting spent in this place.
 E = Time spent auto-exploring this place.
 F = Levels seen in this place.
 G = Mean time per level.
                   A        B        C        D        E       F      G
               +--------+--------+--------+--------+--------+-----+--------+
         Total |   2929 |   2898 |     31 |    318 |   2086 |   4 |  732.2 |
       Dungeon |   2929 |   2898 |     31 |    318 |   2086 |   4 |  732.2 |
               +--------+--------+--------+--------+--------+-----+--------+

Top non-repeatable levels by time:
     D:1: 1477 daAuts
     D:2: 818 daAuts
     D:3: 616 daAuts
     D:4: 17 daAuts
